 Dungeon Crawl Stone Soup version 0.26.1-10-gdfb7c7de75 (webtiles) character file.

Game seed: 147872913300614813

851 tardwrangler69 the Chopper (level 7, -3/62 HPs)
             Began as a Minotaur Fighter on Apr 1, 2021.
             Was an Initiate of Okawaru.
             Slain by a two-headed ogre
             ... wielding a +0 dire flail
              (9 damage)
             ... on level 6 of the Dungeon.
             The game lasted 00:03:48 (5158 turns).

tardwrangler69 the Chopper (Minotaur Fighter)       Turns: 5158, Time: 00:03:48

Health: -3/62      AC:  8    Str: 22    XL:     7   Next: 69%
Magic:  6/6        EV:  8    Int:  5    God:    Okawaru [......]
Gold:   237        SH: 15    Dex: 10    Spells: 6/6 levels left

rFire    x . .     SeeInvis .   a - +0 war axe
rCold    + . .     Faith    .   c - +0 kite shield
rNeg     . . .     Spirit   .   b - +0 scale mail
rPois    .         Reflect  +   (helmet restricted)
rElec    .         Harm     .   (no cloak)
rCorr    .         Rampage  .   q - +0 pair of gloves
Will     .....                  (no boots)
Stlth    ..........             l - amulet of reflection
HPRegen  0.20/turn              t - ring of flight
MPRegen  0.10/turn              u - ring of ice

@: no status effects
A: retaliatory headbutt, horns 2
a: Renounce Religion, Evoke Flight


You were on level 6 of the Dungeon.
You worshipped Okawaru.
Okawaru was noncommittal.
You visited 2 branches of the dungeon, and saw 7 of its levels.

You collected 237 gold pieces.

Inventory:

Hand Weapons
 a - a +0 war axe (weapon)
Armour
 b - a +0 scale mail (worn)
 c - a +0 kite shield (worn)
 q - a +0 pair of gloves (worn)
Jewellery
 l - an amulet of reflection (around neck)
 t - a ring of flight (left hand)
 u - a ring of ice (right hand)
Wands
 w - a wand of random effects (19)
Scrolls
 e - 10 scrolls of remove curse {unknown}
 g - a scroll of amnesia {unknown}
 h - a scroll of fog {unknown}
 i - 3 scrolls of blinking {unknown}
 k - 7 scrolls of identify {unknown}
 n - 2 scrolls of noise {unknown}
 o - 2 scrolls of teleportation {unknown}
 r - 3 scrolls of random uselessness {unknown}
 x - a scroll of enchant armour {unknown}
Potions
 d - 2 potions of might
 f - a potion of ambrosia
 j - a potion of berserk rage {unknown}
 m - 5 potions of curing {unknown}
 p - a potion of mutation {unknown}
 s - a potion of attraction {unknown}
 v - 2 potions of heal wounds {unknown}


   Skills:
 + Level 5.9 Fighting
 * Level 7.0 Axes
 + Level 5.8 Armour
 + Level 5.9 Shields


You had 6 spell levels left.
You didn't know any spells.
Your spell library contained the following spells:

 Spells                   Type           Power        Failure   Level
 Animate Skeleton         Necr           0%           99%         1
 Pain                     Necr           0%           99%         1
 Vampiric Draining        Necr           0%           100%        3
 Animate Dead             Necr           0%           100%        4
 Agony                    Necr           0%           100%        5


Dungeon Overview and Level Annotations

Branches:
Dungeon (6/15)             Temple (1/1) D:5

Altars:
Ashenzari
Elyvilon
Fedhas
Gozag
Hepliaklqana
Kikubaaqudgha
Makhleb
Nemelex Xobeh
Okawaru
Qazlal
Sif Muna
Uskayaw
Vehumet
Wu Jian
Xom
Yredelemnul
Zin
The Shining One


Innate Abilities, Weirdness & Mutations

You reflexively headbutt those who attack you in melee.
You have a pair of horns on your head.


Message History

You are too injured to fight recklessly!
You are too injured to fight recklessly!
You are too injured to fight recklessly!
You are too injured to fight recklessly!
You are too injured to fight recklessly!
You are too injured to fight recklessly!
A two-headed ogre is nearby!
A two-headed ogre is nearby!
You slash the two-headed ogre!
Your headbutt misses the two-headed ogre.
The two-headed ogre is moderately wounded.
The two-headed ogre hits you with a +0 dire flail!
* * * LOW HITPOINT WARNING * * *
The two-headed ogre hits you with a +0 giant club.
* * * LOW HITPOINT WARNING * * *
You slice the two-headed ogre!!
The two-headed ogre is heavily wounded.
You block the two-headed ogre's attack.
The two-headed ogre hits you with a +0 giant club!
You die...

.)......# ........#
........# ......?.#
........# # ......?.#
.# #.....O[####.#
#.@.....# #.?.....#
#.......# +.......#
#......########
#......+......# #
#......######.#
#.###.[....#..<...#####
#......#+###.####......


You could see a two-headed ogre.

Vanquished Creatures
  2 phantoms (D:4)
  An ogre (D:4)
  A centaur (D:5)
  A hound (D:6)
  4 orc wizards
  4 orc priests
  Ijyb (D:5)
  2 worker ants (D:4)
  A river rat (D:3)
  7 adders
  A white imp (D:5)
  2 oozes
  An adder skeleton (D:4)
  3 worms
  2 dart slugs
  2 leopard geckos (D:1)
  10 orcs
  A ball python (D:3)
  5 giant cockroaches
  4 goblins
  6 hobgoblins
  4 jackals
  2 kobolds (D:1)
  3 quokkas
  4 bats
  10 frilled lizards
  A leopard gecko skeleton (D:4)
  3 rats (D:3)
88 creatures vanquished.

Vanquished Creatures (others)
  3 plants (D:1)
3 creatures vanquished.

Grand Total: 91 creatures vanquished

Notes
Turn   | Place    | Note
-------+----------+-------------------------------------------
     0 | D:1      | tardwrangler69 the Minotaur Fighter began the quest for the
                  | Orb.
     0 | D:1      | Reached XP level 1. HP: 19/19 MP: 0/0
   126 | D:1      | Reached XP level 2. HP: 14/27 MP: 1/1
   352 | D:1      | Reached skill level 3 in Axes
   394 | D:1      | You fall into a shaft and drop 1 floor!
   868 | D:2      | Reached XP level 3. HP: 33/33 MP: 2/2
  1155 | D:2      | Found a shimmering blue altar of Sif Muna.
  1155 | D:2      | Found a radiant altar of Vehumet.
  1592 | D:3      | Reached skill level 4 in Axes
  1592 | D:3      | Reached XP level 4. HP: 10/41 MP: 3/3
  2292 | D:3      | Reached XP level 5. HP: 8/47 MP: 4/4
  3032 | D:3      | Found a broken altar of Ashenzari.
  3336 | D:4      | Noticed a phantom
  3355 | D:4      | Killed a phantom
  3356 | D:4      | Reached skill level 5 in Axes
  3356 | D:4      | Reached XP level 6. HP: 25/55 MP: 5/5
  3557 | D:4      | Reached skill level 5 in Fighting
  3622 | D:4      | Reached skill level 5 in Armour
  3622 | D:4      | Reached skill level 5 in Shields
  3683 | D:4      | Reached skill level 6 in Axes
  3724 | D:4      | Reached XP level 7. HP: 61/61 MP: 6/6
  4125 | D:5      | Entered Level 5 of the Dungeon
  4126 | D:5      | Found a staircase to the Ecumenical Temple.
  4194 | Temple   | Entered the Ecumenical Temple
  4386 | Temple   | Became a worshipper of Warmaster Okawaru
  4608 | D:5      | Noticed Ijyb
  4628 | D:5      | Killed Ijyb
  5065 | D:6      | Reached skill level 7 in Axes
  5151 | D:6      | Noticed a two-headed ogre
  5158 | D:6      | Slain by a two-headed ogre

Illustrated notes

Levels and vault maps discovered:
D:1:      dpeg_arrival_arbitrary_a, layout_rooms, minmay_lizard_king
D:2:      layout_basic, gammafunk_temple_overflow_pools
D:3:      layout_basic, gup_sewer_entry_bowl, evilmike_ruin_ashenzari
D:4:      layout_basic, chequers_serial_rivers_micro_b
D:5:      layout_basic, minmay_temple_entry_sparse_star, uniq_ijyb
D:6:      layout_basic, minmay_misc_feat_square, uniq_blork_the_orc
Temple:   regret_index_temple_sphere_string

Skill      XL: |  1  2  3  4  5  6  7 |
---------------+----------------------+-----
Axes           | 3 4 5 6 7 |  7.0
Fighting       | 4 5 |  5.9
Armour         | 4 5 |  5.8
Shields        | 4 5 |  5.9

Action                   |  1- 3 |  4- 6 |  7- 9 || total
-------------------------+-------+-------+-------++-------
Melee: War axe           |    88 |   103 |    53 ||   244
       Headbutt          |    13 |    17 |    11 ||    41
  Use: Potion            |       |     1 |       ||     1
Armor: Scale mail        |    41 |    34 |     3 ||    78
Dodge: Dodged            |    22 |    24 |     9 ||    55
Block: Kite shield       |    44 |    50 |    41 ||   135
       Reflection        |       |       |     5 ||     5
